 Dungeon Crawl Stone Soup version 0.27-a0-95-g5a9077b8ae (webtiles) character file.

Game seed: 7151954632794197182

5328 Snicker the Covert (level 10, 0/74 HPs)
             Began as a Demonspawn Delver on Jan 17, 2021.
             Was an Initiate of Gozag.
             Slain by a sun demon (17 damage)
             ... summoned by a kobold demonologist
             ... on level 8 of the Dungeon.
             The game lasted 00:26:06 (9351 turns).

Snicker the Covert (Demonspawn Delver)              Turns: 9351, Time: 00:26:06

Health: 0/74       AC: 23    Str: 14    XL:     10   Next: 38%
Magic:  14/14      EV: 13    Int: 17    God:    Gozag
Gold:   19         SH:  0    Dex: 16    Spells: 10/15 levels left

rFire    . . .     SeeInvis .   E - +1 dagger (distort)
rCold    . . .     Faith    .   (no shield)
rNeg     . . .     Spirit   .   s - +4 ring mail "Gunnytse" {rElec Int+3}
rPois    +         Reflect  .   v - +0 helmet
rElec    +         Harm     .   r - +1 cloak
rCorr    .         Rampage  .   (no gloves)
Will     .....                  B - +2 pair of boots
Stlth    +++.......             (no amulet)
HPRegen  1.22/turn              q - ring of wizardry
MPRegen  0.14/turn              t - ring of Equilibrium {rPois Int+2}

@: sanguine armour
A: hooves 1, powered by death 2, spiny 1, sanguine armour 1
a: Renounce Religion, Potion Petition, Call Merchant, Bribe Branch


You were on level 8 of the Dungeon.
You worshipped Gozag.
Gozag was noncommittal.
You visited 2 branches of the dungeon, and saw 9 of its levels.

You collected 962 gold pieces.
You spent 343 gold pieces at shops.
You paid 600 gold pieces to Gozag.

Inventory:

Hand Weapons
 a - a +1 mace of draining
 b - a +1 dagger of speed
 i - a +0 short sword
 E - a +1 dagger of distortion (weapon)
 G - a +3 quarterstaff of chaos
Missiles
 F - 5 sling bullets
 H - a poisoned dart (quivered)
Armour
 l - a +0 scale mail
 r - a +1 cloak (worn)
 s - the +4 ring mail "Gunnytse" (worn) {rElec Int+3}
   (You took it off a goblin on level 4 of the Dungeon)

   It affects your intelligence (+3).
   It insulates you from electricity.
 v - a +0 helmet (worn)
 x - a +0 leather armour
 B - a +2 pair of boots (worn)
Jewellery
 q - a ring of wizardry (left hand)
 t - the ring of Equilibrium (right hand) {rPois Int+2}
   (You bought it in a shop on level 8 of the Dungeon)

   [ring of poison resistance]

   It affects your intelligence (+2).
   It protects you from poison.
Wands
 g - a wand of digging (1)
 u - a wand of acid (4)
 w - a wand of flame (20)
 D - a wand of random effects (11)
Scrolls
 c - 3 scrolls of fog
 d - 2 scrolls of magic mapping
 e - 2 scrolls of fear
 k - 5 scrolls of amnesia
 m - 3 scrolls of remove curse
 n - 6 scrolls of identify
 p - a scroll of enchant armour
 y - a scroll of teleportation
Potions
 f - 2 potions of haste
 h - a potion of flight {unknown}
 j - 4 potions of heal wounds
 o - 7 potions of curing
 z - 3 potions of berserk rage {unknown}
 A - a potion of ambrosia {unknown}
 C - a potion of brilliance {unknown}


   Skills:
 + Level 5.2 Fighting
 * Level 5.7 Short Blades
 - Level 5.4 Maces & Flails
 + Level 5.8 Armour
 + Level 4.4 Dodging
 * Level 8.3 Stealth
 + Level 3.1 Spellcasting
 + Level 2.6 Conjurations
 + Level 3.0 Fire Magic
 + Level 1.2 Evocations


You had 10 spell levels left.
You knew the following spells:

 Your Spells              Type           Power        Failure   Level
a - Foxfire               Conj/Fire      48%          4%          1
b - Sticky Flame          Conj/Fire      12%          38%         4

Your spell library contained the following spells:

 Spells                   Type           Power        Failure   Level
 Conjure Flame            Conj/Fire      12%          13%         3
 Inner Flame              Hex/Fire       7%           21%         3
 Fireball                 Conj/Fire      6%           71%         5


Dungeon Overview and Level Annotations

Branches:
Dungeon (8/15)             Temple (1/1) D:6
   Lair: D:8-11

Altars:
Ashenzari
Cheibriados
Dithmenos
Elyvilon
Fedhas
Gozag
Hepliaklqana
Kikubaaqudgha
Makhleb
Nemelex Xobeh
Qazlal
Ru
Sif Muna
Trog
Uskayaw
Vehumet
Wu Jian
Xom
Yredelemnul
Zin
The Shining One

Shops:
D:8 =

Annotations:
Abyss:1 Joseph


Innate Abilities, Weirdness & Mutations

You have large cloven feet.
You regenerate health from kills.
You are partially covered in sharp spines.
When seriously injured, your bleeding wounds create armour. (AC +6)


Message History

A big kobold comes into view. It is wielding a +0 club.
The kobold demonologist casts a spell.
The soul eater draws from the surrounding life force!
You see here a +0 whip.
Unknown command.
You closely miss the kobold demonologist.
The kobold demonologist is almost dead.
A kobold comes into view.
The kobold demonologist begins to cast a cantrip, but forgets the words!
You barely miss the kobold demonologist.
The kobold demonologist is almost dead.
The sun demon hits you.
You are engulfed in flames!
* * * LOW HITPOINT WARNING * * *
The kobold demonologist misses you.
You feel much better. The sun demon is struck by your spines.
The sun demon hits you!!
* * * LOW HITPOINT WARNING * * *
You are engulfed in flames!
You die...
Your body crumbles into a pile of gold.

#...............###..#.......#.
.......K....#......##.'..⌠8⌠).')
.......$..K.#....###..#.......#.
.........KK)...###..############
..............##..### #.........
................### #.........
..>..>§#...K(5### #(.∩......
........_....#K##### #.........
......#....##(@335####.........
###......#######.$......####..
######## #........###..#
#............## #........#####
#........# ##########


You could see a soul eater (summoned), a sun demon (summoned), a kobold
demonologist, 2 big kobolds, an iron imp (summoned), a quasit (summoned) and a
kobold (wandering).

Vanquished Creatures
  2 two-headed ogres (D:8)
  2 orc warriors
  A black bear (D:7)
  3 phantoms
  A necrophage (D:8)
  7 ogres
  2 centaurs
  4 big kobolds (D:8)
  3 bullfrogs (D:7)
  A water moccasin zombie (D:5)
  2 scorpions
  7 killer bees
  6 wights
  2 howler monkeys
  2 centaur zombies
  A centaur skeleton (D:8)
  Crazy Yiuf (D:7)
  A hound (D:4)
  10 orc wizards
  2 orc priests
  A bullfrog skeleton (D:6)
  An iguana (D:5)
  3 worker ants
  A hound skeleton (D:6)
  Robin (D:4)
  4 gnolls (D:6)
  A howler monkey skeleton (D:4)
  10 adders
  2 shadow imps
  2 white imps (D:6)
  4 ufetubi
  2 oozes
  3 dart slugs (D:2)
  4 worms
  12 leopard geckos
  24 orcs
  4 ball pythons
  6 bats
  7 giant cockroaches
  16 goblins
  9 hobgoblins
  13 jackals
  6 quokkas
  3 frilled lizards
  15 kobolds
  A leopard gecko skeleton (D:8)
  A quokka zombie (D:7)
  7 rats
223 creatures vanquished.

Vanquished Creatures (others)
  204 foxfires
204 creatures vanquished.

Grand Total: 427 creatures vanquished

Notes
Turn   | Place    | Note
-------+----------+-------------------------------------------
     0 | D:5      | Snicker the Demonspawn Delver began the quest for the Orb.
     0 | D:5      | Reached XP level 1. HP: 18/18 MP: 1/1
    21 | D:6      | Reached skill level 5 in Stealth
    21 | D:6      | Gained mutation: You regenerate a little health from kills.
                  | [demonic ancestry]
    21 | D:6      | Reached XP level 2. HP: 15/24 MP: 2/2
   212 | D:4      | Noticed an ogre
   543 | D:4      | Noticed Robin
   560 | D:4      | Noticed a phantom
   953 | D:3      | Gained mutation: You regenerate health from kills. [demonic
                  | ancestry]
   953 | D:3      | Reached XP level 3. HP: 24/29 MP: 3/3
  1248 | D:2      | Reached skill level 1 in Maces & Flails
  1663 | D:2      | Gained mutation: You are partially covered in sharp spines.
                  | [demonic ancestry]
  1663 | D:2      | Reached XP level 4. HP: 24/35 MP: 4/4
  2271 | D:1      | Reached skill level 1 in Armour
  3056 | D:3      | You fall into a shaft and drop 2 floors!
  3065 | D:5      | Noticed a centaur
  3076 | D:5      | Killed a centaur
  3077 | D:5      | Reached XP level 5. HP: 33/41 MP: 5/5
  3134 | D:5      | Found a hazy altar of Hepliaklqana.
  3136 | D:5      | Found a radiant altar of Vehumet.
  3137 | D:5      | Found a glowing silver altar of Zin.
  3151 | D:5      | Found a burning altar of Makhleb.
  3241 | D:5      | Learned a level 1 spell: Foxfire
  3313 | D:5      | Gained mutation: When seriously injured, your bleeding
                  | wounds create armour. (AC +6) [demonic ancestry]
  3313 | D:5      | Reached XP level 6. HP: 45/47 MP: 3/6
  4133 | D:4      | Reached XP level 7. HP: 53/53 MP: 7/7
  4177 | D:4      | Identified the +4 ring mail "Gunnytse" {rElec Int+3}
  4233 | D:4      | Killed Robin
  4879 | D:3      | Reached skill level 1 in Spellcasting
  4887 | D:3      | Reached skill level 1 in Fire Magic
  4888 | D:3      | Reached skill level 1 in Conjurations
  5870 | D:6      | Reached XP level 8. HP: 38/54 MP: 6/9
  6506 | D:6      | Found a staircase to the Ecumenical Temple.
  6515 | Temple   | Entered the Ecumenical Temple
  6570 | Temple   | Became a worshipper of Gozag Ym Sagoz the Greedy
  6620 | D:6      | Reached skill level 6 in Stealth
  7049 | D:7      | Reached skill level 5 in Maces & Flails
  7196 | D:7      | Gained mutation: You have large cloven feet. [demonic
                  | ancestry]
  7196 | D:7      | Reached XP level 9. HP: 65/66 MP: 10/12
  7308 | D:7      | Found a runed translucent door.
  7310 | D:7      | Noticed Crazy Yiuf
  7838 | D:7      | Noticed Joseph
  7879 | D:7      | Banished Joseph
  7880 | D:7      | Reached skill level 7 in Stealth
  8035 | D:7      | Killed Crazy Yiuf
  8348 | D:8      | Noticed a two-headed ogre
  8358 | D:8      | Killed a two-headed ogre
  8359 | D:8      | Reached skill level 5 in Short Blades
  8439 | D:8      | Learned a level 4 spell: Sticky Flame
  8543 | D:8      | Reached skill level 5 in Armour
  8573 | D:8      | Reached skill level 8 in Stealth
  8589 | D:8      | Reached XP level 10. HP: 73/73 MP: 11/13
  8650 | D:8      | Reached skill level 1 in Evocations
  8673 | D:8      | Found a shimmering altar of Xom.
  8735 | D:8      | Reached skill level 5 in Fighting
  8866 | D:8      | Noticed a two-headed ogre
  8888 | D:8      | Killed a two-headed ogre
  9159 | D:8      | Bought the ring of Equilibrium {rPois Int+2} for 343 gold
                  | pieces
  9339 | D:8      | Noticed a soul eater
  9349 | D:8      | Noticed a sun demon
  9351 | D:8      | Slain by a sun demon

Illustrated notes

Levels and vault maps discovered:
D:1:      elethiomel_arrival_maze, layout_basic
D:2:      layout_basic, st_stairs_8
D:3:      layout_basic
D:4:      layout_gridville, uniq_robin
D:5:      layout_gridville, nicolae_overflow_quartered_altars,
          gup_sewer_entry_bowl
D:6:      layout_cave_pools, minmay_temple_entry_antechambers
D:7:      layout_layer_cave, uniq_crazy_yiuf_cottage, uniq_joseph
D:8:      layout_rooms, special_room [special_room_kobold], grunt_decor_clamped,
          nicolae_lava_and_water, hangedman_feature_mirror,
          minmay_misc_feat_columns
Temple:   compressed_dpeg_circular_temple

Skill      XL: |  1  2  3  4  5  6  7  8  9 10 |
---------------+-------------------------------+-----
Stealth        | 5 6 8 |  8.3
Maces & Flails | 1 2 3 4 5 |  5.4
Armour         | 1 2 3 4 5 |  5.8
Dodging        | 2 3 4 |  4.4
Spellcasting   | 1 2 3 |  3.1
Fire Magic     | 1 2 3 |  3.0
Conjurations   | 1 2 |  2.6
Fighting       | 4 5 |  5.2
Short Blades   | 2 3 5 |  5.7
Evocations     | 1 |  1.2

Action                   |  1- 3 |  4- 6 |  7- 9 | 10-12 || total
-------------------------+-------+-------+-------+-------++-------
Melee: Short sword       |     8 |       |     9 |       ||    17
       Mace              |    88 |    95 |   161 |       ||   344
       Dagger            |       |       |   208 |    71 ||   279
       Kick              |       |       |     7 |       ||     7
 Cast: Foxfire           |       |     2 |   101 |    23 ||   126
       Sticky Flame      |       |       |       |     1 ||     1
Invok: Call Merchant     |       |       |       |     1 ||     1
Evoke: Wand              |     2 |       |     4 |       ||     6
  Use: Scroll            |       |     2 |     7 |       ||     9
       Potion            |       |       |     1 |     1 ||     2
 Stab: Sleeping          |     2 |     4 |    11 |       ||    17
       Distracted        |     1 |       |     1 |     1 ||     3
Armor: Leather armour    |    24 |     1 |       |       ||    25
       Scale mail        |       |    31 |       |       ||    31
       Ring mail         |       |       |   102 |    18 ||   120
Dodge: Dodged            |    83 |    37 |   159 |    43 ||   322

Table legend: (Time is in decaauts)
 A = Elapsed time spent in this place.
 B = Non-inter-level travel time spent in this place.
 C = Inter-level travel time spent in this place.
 D = Time resting spent in this place.
 E = Time spent auto-exploring this place.
 F = Levels seen in this place.
 G = Mean time per level.
                   A        B        C        D        E       F      G
               +--------+--------+--------+--------+--------+-----+--------+
         Total |   9346 |   9057 |    289 |   2535 |   4339 |   9 | 1038.4 |
       Dungeon |   9259 |   9001 |    258 |   2535 |   4290 |   8 | 1157.4 |
        Temple |     86 |     55 |     31 |      0 |     49 |   1 |   86.0 |
               +--------+--------+--------+--------+--------+-----+--------+

Top non-repeatable levels by time:
     D:4: 1480 daAuts
     D:7: 1478 daAuts
     D:6: 1267 daAuts
     D:3: 1142 daAuts
     D:2: 1116 daAuts
     D:5: 1072 daAuts
     D:8: 984 daAuts
     D:1: 718 daAuts
  Temple: 86 daAuts
